 Dungeon Crawl Stone Soup version 0.26-a0-946-g9485abf61d (console) character file.

Game seed: 6511122040084375764

753 Gather the Slicer (level 8, -2/48 HPs)
             Began as a Kobold Delver on Nov 27, 2020.
             Shot with an arrow by a centaur (14 damage)
             ... on level 5 of the Dungeon on Nov 28, 2020.
             The game lasted 00:42:56 (7235 turns).

Gather the Slicer (Kobold Delver)                   Turns: 7235, Time: 00:42:56

Health: -2/48      AC:  6    Str:  8 (9)  XL:     8   Next: 7%
Magic:  8/8        EV: 15    Int: 10 (13) God:
Gold:   202        SH:  5    Dex: 15 (17) Spells: 7/7 levels left

rFire    . . .     SeeInvis .   a - +0 rapier
rCold    . . .     Faith    .   (shield restricted)
rNeg     . . .     Spirit   .   r - +0 leather armour
rPois    .         Reflect  +   f - +0 helmet
rElec    .         Harm     .   s - +0 cloak
rCorr    .         Rampage  .   (no gloves)
MR       .....                  q - +0 pair of boots
Stlth    ++++......             h - amulet of reflection
HPRegen  0.16/turn              (no ring)
MPRegen  0.11/turn              (no ring)

@: mighty, flying
A: small, nightstalker 3
a: no special abilities


You were on level 5 of the Dungeon.
You visited 1 branch of the dungeon, and saw 5 of its levels.

You collected 202 gold pieces.

Inventory:

Hand Weapons
 a - a +0 rapier (weapon)
 b - a +0 dagger
 o - a +0 short sword
Missiles
 n - 77 stones
 v - 20 poisoned darts (quivered)
Armour
 f - a +0 helmet (worn)
 q - a +0 pair of boots (worn)
 r - a +0 leather armour (worn)
 s - a +0 cloak (worn)
Jewellery
 d - an uncursed ring of ice
 h - an amulet of reflection (around neck)
 j - an uncursed amulet of magic regeneration
 p - a cursed amulet of inaccuracy {unknown}
 t - an uncursed amulet of guardian spirit
Wands
 g - a wand of digging (1)
 u - a wand of polymorph (13)
Scrolls
 l - 3 scrolls of remove curse
Potions
 e - a potion of resistance
 i - 2 potions of brilliance
 k - a potion of mutation
 m - 4 potions of curing
 w - a potion of degeneration


   Skills:
 - Level 4.0 Fighting
 + Level 9.9 Short Blades
 - Level 3.5 Dodging
 - Level 7.6 Stealth


You had 7 spell levels left.
You didn't know any spells.
Your spell library was empty.

Dungeon Overview and Level Annotations

Branches:
Dungeon (5/15)
 Temple: D:4-7

Altars:
Cheibriados
Dithmenos
Elyvilon
Hepliaklqana
Kikubaaqudgha
Trog
Uskayaw
Yredelemnul


Innate Abilities, Weirdness & Mutations

You are small and have problems with some larger weapons.
You are completely attuned to the shadows.


Message History

It was a potion of degeneration.
There was something very wrong with that liquid.
You feel weakened.
You feel dopey.
You feel clumsy.
The centaur shoots an arrow.
The arrow hits you.
* * * LOW HITPOINT WARNING * * *
The orc throws a boomerang.
The boomerang barely misses you.
The weapon returns to the orc!
It was a potion of flight.
You feel very buoyant.
You fly up into the air.
The centaur shoots an arrow.
The arrow hits you.
* * * LOW HITPOINT WARNING * * *
The centaur shoots an arrow.
The arrow completely misses you.
The orc throws a boomerang.
The boomerang misses you.
The weapon returns to the orc!
It was a potion of might.
You feel very mighty all of a sudden.
The centaur shoots an arrow.
You reflect the arrow off an invisible shield around you!
The arrow hits the centaur.
The orc throws a boomerang.
The boomerang closely misses you.
The weapon returns to the orc!
The centaur shoots an arrow.
The arrow hits you!
You die...

#...#
#).).##.#.##.#.#.#
#...#
#.)..##.#..#.#.#.#
#...
#######.##.#.#.#)#
#.##.#..<..#
###.##)###########
#...##.#..........
#.####.#.###.##### #.#
#.#.....#####
#.####.#..........
#.(....#.....#####
.....# ##@..####.....#
....c###(....###.....#
.....##§§..§§§##.....#
#...#co...§.§§#.#...#
#.?.(.§...§§§.§g....#
#.....§.._...§§....##
#..........§........
.....#§§...§§§§#.##.##
###..##§§§.§§§##..#.<#
§.§§ ##.#.(#
###...####..gg.#


You could see a centaur and an orc.

Vanquished Creatures
  A wolf (D:4)
  A gnoll sergeant (D:5)
  A hound (D:4)
  5 orc wizards
  2 orc priests (D:5)
  A centaur skeleton (D:4)
  Ijyb (D:4)
  2 worker ants
  A hound zombie (D:5)
  Robin (D:3)
  7 adders
  3 gnolls
  A howler monkey skeleton (D:4)
  An ufetubus (D:4)
  3 worms (D:3)
  5 leopard geckos
  20 orcs
  10 bats
  7 giant cockroaches
  13 goblins
  11 hobgoblins
  8 jackals
  6 kobolds
  3 quokkas (D:2)
  2 ball pythons (D:2)
  4 frilled lizards
  A giant cockroach zombie (D:4)
  8 rats
129 creatures vanquished.

Notes
Turn   | Place    | Note
-------+----------+-------------------------------------------
     0 | D:5      | Gather the Kobold Delver began the quest for the Orb.
     0 | D:5      | Reached XP level 1. HP: 14/14 MP: 1/1
   218 | D:4      | Found a hazy altar of Hepliaklqana.
   417 | D:4      | Found an ancient bone altar of Kikubaaqudgha.
   449 | D:4      | Noticed a hound
   464 | D:4      | Noticed a worker ant
   494 | D:4      | Noticed Eustachio
   689 | D:3      | Noticed an orc priest
   739 | D:3      | Found a white marble altar of Elyvilon.
   856 | D:2      | Found a bloodstained altar of Trog.
   927 | D:1      | Reached skill level 3 in Short Blades
   927 | D:1      | Reached XP level 2. HP: 11/19 MP: 2/2
  1185 | D:1      | Reached skill level 4 in Short Blades
  1185 | D:1      | Reached XP level 3. HP: 19/23 MP: 3/3
  2185 | D:2      | Found a snail-covered altar of Cheibriados.
  2255 | D:2      | Found a hide-covered altar of Uskayaw.
  2349 | D:2      | Reached XP level 4. HP: 27/28 MP: 4/4
  2351 | D:2      | Reached skill level 5 in Short Blades
  3019 | D:3      | Found a basalt altar of Yredelemnul.
  3076 | D:3      | Reached skill level 6 in Short Blades
  3134 | D:3      | Reached XP level 5. HP: 32/32 MP: 5/5
  3614 | D:3      | Found a faded altar of an unknown god.
  3665 | D:3      | Noticed Robin
  3682 | D:3      | Killed Robin
  3723 | D:2      | Reached skill level 7 in Short Blades
  4255 | D:3      | Upgraded the game from 0.26-a0-937-g67df3f2acb to
                  | 0.26-a0-946-g9485abf61d
  4456 | D:4      | Reached XP level 6. HP: 24/37 MP: 6/6
  5360 | D:4      | Noticed Ijyb
  5367 | D:4      | Killed Ijyb
  5406 | D:4      | Noticed Eustachio
  5406 | D:4      | Eustachio changed into Eustachio the wolf
  5429 | D:4      | Killed Eustachio the wolf
  5430 | D:4      | Reached XP level 7. HP: 12/43 MP: 7/7
  5691 | D:5      | Reached skill level 8 in Short Blades
  5730 | D:5      | Found a shadowy altar of Dithmenos.
  6860 | D:5      | Reached skill level 9 in Short Blades
  7209 | D:5      | Reached XP level 8. HP: 43/48 MP: 8/8
  7235 | D:5      | Shot with an arrow by a centaur

Illustrated notes

Levels and vault maps discovered:
D:1:      minmay_arrival_widening_spiral_narrow, layout_rooms, serial_rivers,
          chequers_serial_rivers_micro_b, chequers_serial_rivers_room_b,
          chequers_serial_rivers_large_a, chequers_serial_rivers_micro_e,
          chequers_serial_rivers_marsh
D:2:      layout_basic, lemuel_crystal_altar, eat_drink_and_be_merry_uskayaw,
          minivault_14, interstate_on_off, trog_butcher_becter
D:3:      layout_basic, old_standard_altar, chequers_ecumenical_altar_island,
          elyvilon_altar_1, uniq_robin
D:4:      layout_basic, lemuel_crystal_altar, lemuel_altar_in_water,
          uniq_eustachio, uniq_ijyb
D:5:      layout_basic, nicolae_dithmenos_the_darkroom

Skill      XL: |  1  2  3  4  5  6  7 |
---------------+----------------------+-----
Short Blades   | 3 4 6 7 9 |  9.9
Stealth        | 7 |  7.6
Dodging        | 3 |  3.5
Fighting       | 4 |  4.0

Action                   |  1- 3 |  4- 6 |  7- 9 || total
-------------------------+-------+-------+-------++-------
Melee: Short sword       |   107 |    36 |       ||   143
       Dagger            |    13 |    10 |     5 ||    28
       Rapier            |       |   255 |   136 ||   391
Evoke: Wand              |     1 |     2 |     1 ||     4
  Use: Scroll            |    11 |     1 |       ||    12
       Potion            |     2 |     2 |     3 ||     7
 Stab: Sleeping          |    17 |    14 |     6 ||    37
       Distracted        |       |     1 |       ||     1
Armor: Leather armour    |    36 |    37 |    26 ||    99
Dodge: Dodged            |    86 |   165 |    80 ||   331
Block: Other             |    18 |    61 |    39 ||   118
       Reflection        |       |     1 |     2 ||     3

Table legend: (Time is in decaauts)
 A = Elapsed time spent in this place.
 B = Non-inter-level travel time spent in this place.
 C = Inter-level travel time spent in this place.
 D = Time resting spent in this place.
 E = Time spent auto-exploring this place.
 F = Levels seen in this place.
 G = Mean time per level.
                   A        B        C        D        E       F      G
               +--------+--------+--------+--------+--------+-----+--------+
         Total |   7143 |   7015 |    128 |   1929 |   2939 |   5 | 1428.6 |
       Dungeon |   7143 |   7015 |    128 |   1929 |   2939 |   5 | 1428.6 |
               +--------+--------+--------+--------+--------+-----+--------+

Top non-repeatable levels by time:
     D:4: 3045 daAuts
     D:1: 1255 daAuts
     D:2: 1160 daAuts
     D:3: 1124 daAuts
     D:5: 557 daAuts
